 Dungeon Crawl Stone Soup version 0.28.0-43-g3370ac3207 (webtiles) character file.

Game seed: 11371981862720831991

74 unlimited1921 the Magician (level 4, 0/32 HPs)
             Began as a Djinni Fire Elementalist on Mar 2, 2022.
             Killed from afar by an orc wizard (1 damage)
             ... with a puff of flame
             ... on level 3 of the Dungeon.
             The game lasted 00:11:26 (4393 turns).

unlimited1921 the Magician (DjFE)                   Turns: 4393, Time: 00:11:26

Health: 0/32       AC:  5    Str:  7    XL:     4   Next: 54%
Gold:   101        EV: 12    Int: 18    God:
                   SH:  0    Dex: 14

rFire   + + .      SeeInvis .   e - +0 hand axe
rCold   . . .      Faith    .   (no shield)
rNeg    . . .      Spirit   .   i - +2 leather armour {rC+}
rPois   ∞          Reflect  .   (no helmet)
rElec   .          Harm     .   (no cloak)
rCorr   .          Rampage  .   (no gloves)
Will    .....                   (boots unavailable)
Stlth   ++........              (no amulet)
HPRegen 0.10/turn               (no ring)
MPRegen 0.00/turn               (no ring)

@: flying
A: sickness immunity, fire resistance 2, cold vulnerability 1, float, innate
caster, HP casting, extra vitality 1
a: no special abilities


You were on level 3 of the Dungeon.
You visited 1 branch of the dungeon, and saw 3 of its levels.

You collected 101 gold pieces.

Inventory:

Hand Weapons
 e - a +0 hand axe (weapon)
 f - a +2 dagger of flaming
Missiles
 b - 55 stones
 c - 36 bolts
 l - 3 poisoned darts
Armour
 a - a +0 robe
 i - a +2 leather armour of cold resistance (worn)
Jewellery
 k - a +4 ring of protection
 m - a +6 ring of intelligence
Scrolls
 g - a scroll of fear {unknown}
 h - a scroll of identify {unknown}
Potions
 d - a potion of heal wounds {unknown}
 j - a potion of degeneration {unknown}


   Skills:
 * Level 1.3 Fighting
 + Level 2.5 Dodging
 + Level 1.8 Stealth
 + Level 3.4 Spellcasting


You couldn't memorise any spells.
You knew the following spells:

 Your Spells              Type           Power      Damage    Failure   Level
a - Foxfire               Conj/Fire      60%        2x1d7     6%          1
b - Scorch                Fire           30%        2d7       9%          2
c - Conjure Flame         Conj/Fire      15%        6-21      17%         3
d - Inner Flame           Hex/Fire       15%        N/A       17%         3
e - Flame Wave            Conj/Fire      15%        2d6       50%         4
f - Beastly Appendage     Tmut           30%        N/A       6%          1
Your spell library was empty.

Dungeon Overview and Level Annotations

Branches:
Dungeon (3/15)

Altars:


Innate Abilities, Weirdness & Mutations

You are immune to sickness and miasma.
You are immune to poison.
Your flesh is very heat resistant. (rF++)
You are vulnerable to cold. (rC-)
You float through the air rather than walking.
You learn spells naturally, not from books.
Your magical power is your life essence.
You have superior vitality. (+4 MHP)


Message History

The orc throws a poisoned dart.
The poisoned dart barely misses you.
Your magical contamination has completely faded away.
Casting: Scorch (safe; 9% risk of failure)
Confirm with . or Enter, or press ? or * to list all spells.
Flames lash the orc.
You kill the orc!
* * * LOW HITPOINT WARNING * * *
You hear a shout!
The orc wizard gestures at you while chanting.
The puff of flame misses you.
An orc wizard comes into view. It is wielding a +0 short sword.
Casting: Scorch (safe; 9% risk of failure)
Confirm with . or Enter, or press ? or * to list all spells.
You can't see any susceptible monsters within range! (Use Z to cast anyway.)
An orc comes into view. It is wielding a +0 war axe.
Casting: Scorch (safe; 9% risk of failure)
Confirm with . or Enter, or press ? or * to list all spells.
Flames lash the orc wizard.
The orc wizard is lightly wounded.
The orc wizard's fire resistance burns away.
* * * LOW HITPOINT WARNING * * *
You hear an angry hiss.
Casting: Scorch (safe; 9% risk of failure)
Confirm with . or Enter, or press ? or * to list all spells.
Flames lash something.
* * * LOW HITPOINT WARNING * * *
The orc wizard barely misses you.
Casting: Scorch (safe; 9% risk of failure)
Confirm with . or Enter, or press ? or * to list all spells.
Flames lash the orc wizard.
The orc wizard is burned terribly!
The orc wizard is almost dead.
* * * LOW HITPOINT WARNING * * *
The orc wizard hits you but does no damage.
A frilled lizard comes into view.
The orc wizard points at you and mumbles some strange words.
The puff of flame hits you. You resist.
* * * LOW HITPOINT WARNING * * *
The orc wizard casts a spell at you. The puff of flame hits you. You resist.
You die...

#####.. # ## ^...... . .# #####..
#. .## # .###..# ##### .....#
....# ....## ###.### #....#
###...####################(.#.#
................@..o.o)o.l.>#.###
#####.####################......#
#)# #.†#.#.# #.# #..#... #####.#
##o.##..# #.....# ######## #.†..#
.# #####.# #....).# ##.#.# .# #.#
#......# #.#{# #####'###......#
#.#..


You could see 2 orc wizards and an orc.

Vanquished Creatures
  2 adders (D:3)
  3 orcs (D:3)
  5 ball pythons
  6 endoplasms
  A giant cockroach (D:2)
  6 hobgoblins
  7 quokkas
  4 bats
  3 frilled lizards
  3 goblins
  5 kobolds
  A rat (D:1)
  A spectral hobgoblin (D:1)
47 creatures vanquished.

Vanquished Creatures (others)
  159 foxfires
159 creatures vanquished.

Grand Total: 206 creatures vanquished

Notes
Turn   | Place    | Note
-------+----------+-------------------------------------------
     0 | D:1      | unlimited1921 the Djinni Fire Elementalist began the quest
                  | for the Orb.
     0 | D:1      | Reached XP level 1. HP: 15/15 MP: 0/0
   399 | D:1      | Reached XP level 2. HP: 17/22 MP: 0/0
  1396 | D:1      | Found a faded altar of an unknown god.
  1746 | D:1      | Reached XP level 3. HP: 25/26 MP: 0/0
  1746 | D:1      | Learned a level 1 spell: Beastly Appendage
  2235 | D:2      | Reached skill level 1 in Fighting
  2446 | D:2      | Reached skill level 3 in Spellcasting
  3896 | D:3      | Reached XP level 4. HP: 26/32 MP: 0/0
  4392 | D:3      | HP: 1/32 [orc wizard/puff of flame (2)]
  4393 | D:3      | Killed from afar by an orc wizard

Illustrated notes

Levels and vault maps discovered:
D:1:      amcnicky_arrival_feature_with_door, layout_basic,
          dreamdust_ecumenical_altar_drowned_temple
D:2:      layout_basic, amcnicky_mini_corridor_feature, hangedman_decor_points
D:3:      layout_basic, gammafunk_ghost_smash

Skill      XL: |  1  2  3 |
---------------+----------+-----
Fighting       | 1 |  1.3
Spellcasting   | 3 |  3.4
Dodging        | |  2.5
Stealth        | |  1.8

Action                   |  1- 3 |  4- 6 || total
-------------------------+-------+-------++-------
Melee: Unarmed           |     3 |       ||     3
       Hand axe          |     2 |     1 ||     3
       Punch             |     1 |       ||     1
 Cast: Foxfire           |    80 |    16 ||    96
       Scorch            |       |     4 ||     4
Armor: Leather armour    |       |     4 ||     4
Dodge: Dodged            |     8 |    19 ||    27
